 Dungeon Crawl Stone Soup version 0.20-a0-229-ge6e0e65 (webtiles) character file.

169739 AlphabetPasta the Impaler (level 18, -7/143 HPs)
             Began as a Human Berserker on Nov 29, 2016.
             Was a High Priest of Trog.
             Mangled by a nagaraja
             ... wielding a +0 spear
              (14 damage)
             ... on level 4 of the Snake Pit.
             The game lasted 02:56:44 (33187 turns).

AlphabetPasta the Impaler (Human Berserker)        Turns: 33187, Time: 02:56:44

Health: -7/143     AC: 38    Str: 27    XL:     18   Next: 61%
Magic:  0/28       EV:  7    Int:  7    God:    Trog [*****.]
Gold:   2077       SH:  0    Dex: 14    Spells: 17/17 levels left

rFire  . . .     SeeInvis .     a - +4 bardiche (protect)
rCold  . . .     Gourm    .     Z - +8 storm dragon scales of Yqomia Unergh {rElec rCorr Dex+2}
rNeg   . . .     Faith    .     (shield currently unavailable)
rPois  +         Spirit   +     g - +2 helmet
rElec  +         Reflect  .     Y - +2 cloak {MR+}
rCorr  +         Harm     .     (no gloves)
MR     ++++.                    (no boots)
Stlth  ..........               q - amulet of guardian spirit
                                C - ring of poison resistance
                                n - +5 ring of slaying

@: lethally poisoned (-7 -> -41), about to teleport, protection aura,
regenerating, constricted, studying Evocations
A: no striking features
a: Berserk, Trog's Hand, Brothers in Arms, Burn Spellbooks, Renounce Religion


You were on level 4 of the Snake Pit.
You worshipped Trog.
Trog was extremely pleased with you.
You were very hungry.

You visited 4 branches of the dungeon, and saw 27 of its levels.
You also visited: Labyrinth, Sewer and Ice Cave.

You collected 3007 gold pieces.
You spent 930 gold pieces at shops.

Inventory:

Hand Weapons
 a - a +4 bardiche of protection (weapon)
 b - a +5 arbalest of freezing
Missiles
 e - 305 bolts
Armour
 g - a +2 helmet (worn)
 E - the +5 plate armour of Tulips {rC- rN+++ MP+9 SInv}
   (You found it on level 12 of the Dungeon)

   It makes you vulnerable to cold.
   It renders you almost immune to negative energy.
   It affects your magic capacity (+9).
   It lets you see invisible.
 Y - a +2 cloak of magic resistance (worn)
 Z - the +8 storm dragon scales of Yqomia Unergh (worn) {rElec rCorr Dex+2}
   (You found it in a labyrinth)

   It affects your dexterity (+2).
   It insulates you from electricity.
   It protects you from acid and corrosion.
Rods
 V - a +2 rod of ignition (14/14)
   (You found it in a labyrinth)
Jewellery
 n - a +5 ring of slaying (left hand)
 p - an uncursed ring of resist corrosion
 q - an amulet of guardian spirit (around neck)
 y - an uncursed ring of protection from cold
 C - a ring of poison resistance (right hand)
 L - an uncursed ring of protection from fire
 O - the ring of Luumoukk {+Fly rPois Str-2 Int+4 Dex+3}
   (You found it in a labyrinth)

   [ring of flight]

   It affects your strength (-2).
   It affects your intelligence (+4).
   It affects your dexterity (+3).
   It protects you from poison.
   It lets you fly.
Wands
 c - a wand of iceblast (0/15)
 l - a wand of paralysis (8/24)
 o - a wand of confusion (22/48)
 r - a wand of digging (6/24)
 x - a wand of flame (15/48)
 D - a wand of disintegration (8/24)
 F - a wand of iceblast (10/15)
 J - a wand of acid (6/15)
 Q - a wand of lightning (7/15)
Scrolls
 d - 6 scrolls of enchant armour
 j - 2 scrolls of teleportation
 v - 6 scrolls of remove curse
 M - 4 scrolls of fog
 P - 2 scrolls of fear
 R - a scroll of recharging
 U - 2 scrolls of magic mapping
Potions
 f - 2 potions of heal wounds
 h - 8 potions of curing
 s - 2 potions of cancellation
 t - 3 potions of magic
 u - 2 potions of flight
 w - 4 potions of agility
 B - a potion of haste
 H - a potion of resistance
 S - a potion of ambrosia
 T - a potion of cure mutation
 X - a potion of beneficial mutation {unknown}
Books
 m - a manual of Evocations
Miscellaneous
 N - a disc of storms
 W - a phantom mirror
Comestibles
 z - 30 beef jerkies
 A - 9 meat rations
 K - 17 bread rations


   Skills:
 + Level 13.2 Fighting
 * Level 17.9 Polearms
 * Level 13.6 Crossbows
 + Level 13.2 Armour
 - Level 2.8 Dodging
 + Level 14.6 Evocations


You had 17 spell levels left.
You didn't know any spells.

Dungeon Overview and Level Annotations

Branches:
Dungeon (15/15)            Temple (0/1) D:7            Lair (6/6) D:9
  Swamp (0/4) Lair:3        Snake (4/4) Lair:4        Slime (0/5) Lair:5
    Orc (2/2) D:12            Elf (0/3) Orc:2        Vaults (0/5) D:13
 Depths (0/5) D:15

Altars:
Elyvilon
Gozag
Makhleb
Qazlal
Sif Muna
Zin

Shops:
D:3 **   D:4 [   D:10 (   Orc:1 }[[*   Orc:2 [?(!   Snake:2 (%((

Annotations:
D:2 exclusion: dart slug
D:8 TroubleDarcy's ghost, journeyman TrCK
D:9 exclusions: 2 electric eels and 4 more exclusions


Message History

The nagaraja mumbles some strange words.
The nagaraja seems to speed up.
You feel much better.
* * * LOW HITPOINT WARNING * * *
You feel very sick.
Your hill giant closely misses the guardian serpent.
The nagaraja gestures at you while chanting.
The bolt of poison hits you!
You are more poisoned.
You resist.
* * * LOW HITPOINT WARNING * * *
The bolt of poison hits the nagaraja.
The bolt of poison hits your hill giant.
Your hill giant looks even sicker.
The nagaraja barely misses you.
The guardian serpent hits your hill giant!
The naga hits you from afar with a glaive.
* * * LOW HITPOINT WARNING * * *
The nagaraja hits you with a spear!
You die...

...((..........
.........N.....
......#.#......
...###...###....
.##.........##..
........S.N..##
. ......NNN....
....#'N#NN.....
......N@NNN....
.....SNNN......
...).C.SN......
..).S..........
...............
..............#
#...........##.
####.....####


You could see a naga warrior, 9 nagarajas, 2 naga sharpshooters, a naga
ritualist, 3 guardian serpents, a black mamba, 2 nagas and a friendly hill giant
(berserk).

Vanquished Creatures
  Saint Roka (Snake:2)
  Vashnia (Snake:3)
  Jorgrun (Snake:3)
  A storm dragon (D:14)
  4 nagarajas
  A tengu reaver (D:14)
  An orc warlord (D:12)
  A frost giant (D:14)
  Aizul (Snake:2)
  The ghost of Jraekied the Wallflower, a journeyman DsGl of Uskayaw (Orc:1)
  A minotaur (Lab)
  An ettin (D:15)
  A fire dragon (Lair:6)
  8 vault guards (D:13)
  4 naga warriors
  6 hydras
  4 catoblepae
  An anaconda (Snake:3)
  A death knight (D:14)
  10 death yaks
  5 centaur warriors
  Urug (D:11)
  8 naga sharpshooters
  3 orc high priests
  7 shock serpents
  A hell knight (D:15)
  A salamander mystic (Snake:3)
  Sonja (Lair:2)
  2 unseen horrors
  5 sea snakes (Snake:3)
  A deep elf archer (D:15)
  2 hill giants
  2 mana vipers
  2 lindwurms
  12 ugly things
  7 orc knights
  4 orc sorcerers
  2 wolf spider zombies
  10 oklob plants (Lair:5)
  2 manticores
  12 salamanders
  4 cyclopes
  11 elephants
  2 guardian serpents (Snake:3)
  8 naga magi
  2 centaur skeletons
  19 black mambas
  5 torpor snails (Lair:6)
  9 spiny frogs
  An ice statue (IceCv)
  2 gargoyles (D:14)
  3 rime drakes
  2 freezing wraiths (D:14)
  A yaktaur (D:15)
  3 kobold demonologists (D:10)
  6 komodo dragons
  A queen bee (Lair:5)
  8 trolls
  A wolf spider simulacrum (D:15)
  8 meliai
  8 hornets
  10 polar bears
  4 two-headed ogres
  10 blink frogs
  4 tyrant leeches (Lair:6)
  4 raiju (Lair:6)
  11 hippogriffs
  5 redbacks (Lab)
  51 yaks
  A spriggan (Lair:5)
  A shadow (D:15)
  2 vampires
  6 wyverns
  3 wraiths
  4 hogs (D:7)
  A golden eye (D:11)
  A golden eye (shapeshifter) (D:14)
  A human (D:7)
  2 basilisks
  7 wargs
  A redback simulacrum (D:14)
  4 vampire mosquitoes (D:15)
  Menkaure (D:7)
  6 swamp worms (Lair:3)
  4 hungry ghosts
  Edmund (D:6)
  14 water moccasins
  2 acid dragons
  16 nagas
  7 porcupines
  13 hell hounds (Lair:6)
  Purgy (Sewer)
  5 sky beasts
  17 ice beasts
  43 orc warriors
  12 black bears
  3 necrophages
  2 phantoms
  7 ogres
  28 wolves
  2 eyes of draining
  18 centaurs
  4 big kobolds
  15 crocodiles
  A gnoll sergeant (D:7)
  24 bullfrogs
  A wyvern skeleton (D:13)
  A hornet simulacrum (D:14)
  A scorpion (D:6)
  36 killer bees
  10 wights
  3 howler monkeys
  4 electric eels
  8 crimson imps
  A centaur zombie (D:7)
  2 bullfrog zombies
  9 hounds
  4 jellies
  A bullfrog skeleton (D:12)
  21 orc priests
  5 iguanas
  23 orc wizards
  7 hell rats
  11 worker ants
  A killer bee zombie (D:9)
  A hound skeleton (D:7)
  A worker ant zombie (D:5)
  A howler monkey zombie (D:9)
  9 gnolls
  19 adders
  7 river rats
  2 shadow imps
  2 white imps (D:8)
  An ooze (D:1)
  An adder skeleton (D:9)
  An adder zombie (D:7)
  4 worms
  A dart slug (D:1)
  4 leopard geckos
  87 orcs
  7 bats
  12 giant cockroaches
  6 hobgoblins
  11 jackals
  6 quokkas
  3 ball pythons
  3 frilled lizards
  A giant cockroach zombie (D:6)
  7 goblins
  14 kobolds
  A leopard gecko simulacrum (D:8)
  2 quokka skeletons
  17 rats
  4 plants
1007 creatures vanquished.

Vanquished Creatures (collateral kills)
  The ghost of Guenter the Basher, a journeyman DsGl of Okawaru (D:11)
  The ghost of DarthKuruptios2 the Fencer, a journeyman MiBe of Trog (Orc:1)
  Fannar (D:12)
  A salamander mystic (Snake:3)
  A hill giant (D:10)
  An ugly thing (IceCv)
  An ice statue (IceCv)
  A hippogriff (Lair:2)
  An orc warrior (Orc:1)
  3 ice beasts (IceCv)
  An ogre (Orc:1)
  2 wolves (Lair:2)
  5 orc wizards (Orc:1)
  A bullfrog skeleton (D:10)
  2 orcs (Orc:1)
23 creatures vanquished.

Vanquished Creatures (others)
  A salamander mystic (Snake:3)
  A meliai (D:15)
  An orc wizard (D:15)
  A fungus (Lair:2)
  25 plants
29 creatures vanquished.

Grand Total: 1059 creatures vanquished

Notes
Turn   | Place    | Note
-------+----------+-------------------------------------------
     0 | D:1      | AlphabetPasta the Human Berserker began the quest for the Orb.
     0 | D:1      | Reached XP level 1. HP: 18/18 MP: 1/1
   142 | D:1      | Reached XP level 2. HP: 21/24 MP: 2/2
   464 | D:1      | Reached XP level 3. HP: 29/29 MP: 3/3
   843 | D:2      | Reached ** piety under Trog
   857 | D:2      | Reached XP level 4. HP: 29/35 MP: 4/4
  1351 | D:2      | Reached skill level 4 in Polearms
  1379 | D:2      | Reached XP level 5. HP: 38/41 MP: 5/5
  1417 | D:2      | Upgraded the game from 0.20-a0-220-g4ebf0c7 to 0.20-a0-222-gb69ddcd
  1427 | D:2      | Found a white marble altar of Elyvilon.
  1694 | D:3      | Reached skill level 1 in Evocations
  1854 | D:3      | Found Zin's Purification Station.
  1856 | D:3      | Found a glowing silver altar of Zin.
  1866 | D:3      | Found Gozag's Platinum Reserve.
  1870 | D:3      | Found an opulent altar of Gozag.
  2044 | D:3      | Reached *** piety under Trog
  2463 | D:4      | Found Ockaill's Antique Armour Boutique.
  2482 | D:4      | Reached XP level 6. HP: 48/48 MP: 7/7
  2615 | D:4      | Noticed an ogre
  2632 | D:4      | Killed an ogre
  2797 | D:4      | Reached skill level 5 in Polearms
  2798 | D:4      | Reached XP level 7. HP: 31/54 MP: 8/8
  3110 | D:5      | Entered Level 5 of the Dungeon
  3110 | D:5      | Found a glowing drain.
  3203 | Sewer    | Entered a sewer
  3310 | Sewer    | Noticed Purgy
  3318 | Sewer    | Killed Purgy
  3318 | Sewer    | Reached skill level 6 in Polearms
  3318 | Sewer    | Reached XP level 8. HP: 61/61 MP: 10/10
  3580 | D:5      | Reached **** piety under Trog
  4098 | D:6      | Reached skill level 5 in Fighting
  4399 | D:6      | Reached skill level 7 in Polearms
  4544 | D:6      | Noticed Edmund
  4566 | D:6      | Killed Edmund
  4566 | D:6      | Reached skill level 5 in Armour
  4566 | D:6      | Reached XP level 9. HP: 48/68 MP: 12/12
  4737 | D:7      | Noticed Menkaure
  4742 | D:7      | Killed Menkaure
  4839 | D:7      | Reached skill level 8 in Polearms
  4842 | D:7      | Found a staircase to the Ecumenical Temple.
  4957 | D:7      | Found a burning altar of Makhleb.
  5036 | D:7      | Reached skill level 5 in Evocations
  5057 | D:7      | Reached XP level 10. HP: 77/77 MP: 12/14
  5082 | D:7      | Reached ***** piety under Trog
  5092 | D:7      | Reached skill level 9 in Polearms
  5542 | D:8      | Noticed TroubleDarcy's ghost (journeyman TrCK)
  5549 | D:9      | Found a staircase to the Lair.
  6446 | D:9      | Reached skill level 10 in Polearms
  6676 | D:10     | Entered Level 10 of the Dungeon
  6807 | D:10     | Reached XP level 11. HP: 75/84 MP: 14/16
  6888 | D:10     | Noticed a hill giant
  6894 | D:10     | Killed a hill giant
  7052 | D:10     | Found Zaoqiojo's Antique Weapon Shoppe.
  7177 | D:11     | Reached skill level 11 in Polearms
  7405 | D:11     | Noticed Urug
  7419 | D:11     | Killed Urug
  7586 | D:11     | Received a gift from Trog
  7671 | D:11     | Noticed Guenter's ghost (journeyman DsGl)
  7691 | D:11     | HP: 3/130 [Guenter's ghost (6)]
  8894 | D:11     | Killed Guenter's ghost
  9044 | D:12     | Found a staircase to the Orcish Mines.
  9046 | D:12     | Noticed a catoblepas
  9066 | D:12     | Killed a catoblepas
  9066 | D:12     | Reached XP level 12. HP: 85/94 MP: 16/18
  9526 | D:12     | Reached skill level 12 in Polearms
  9619 | D:12     | Found a deep blue altar of Sif Muna.
  9634 | D:12     | Got a distressingly furry plate armour
  9645 | D:12     | Identified the +5 plate armour of Tulips {rC- rN+++ MP+9 SInv} (You found it on level 12 of the Dungeon)
  9862 | D:12     | Received a gift from Trog
 10099 | D:12     | Noticed Fannar
 10226 | D:12     | Killed Fannar
 10448 | Lair:1   | Entered Level 1 of the Lair of Beasts
 10956 | Lair:1   | Noticed a five-headed hydra
 10967 | Lair:1   | Killed a five-headed hydra
 11444 | Lair:2   | Found a labyrinth entrance.
 11454 | Lair:2   | Noticed an eight-headed hydra
 11466 | Lair:2   | Killed a nine-headed hydra
 11518 | Lair:2   | Noticed Sonja
 11523 | Lab      | Entered a labyrinth
 11611 | Lab      | Got a coiled silver ring
 12086 | Lab      | Noticed a minotaur
 12099 | Lab      | Killed a minotaur
 12099 | Lab      | Reached skill level 13 in Polearms
 12099 | Lab      | Reached XP level 13. HP: 101/101 MP: 19/19
 12104 | Lab      | Got a blackened chain mail
 12113 | Lab      | Got crude storm dragon scales
 12134 | Lab      | Identified the ring of Luumoukk {+Fly rPois Str-2 Int+4 Dex+3} (You found it in a labyrinth)
 12147 | Lab      | Identified the +8 storm dragon scales of Yqomia Unergh {rElec rCorr Dex+2} (You found it in a labyrinth)
 12157 | Lab      | Identified the cursed +1 chain mail of Optimism {rElec Dex+4 SInv} (You took it off a minotaur in a labyrinth)
 12191 | Lair:2   | Identified a +2 rod of ignition (14/14) (You found it in a labyrinth)
 12250 | Lair:2   | Noticed a six-headed hydra
 12262 | Lair:2   | Killed a six-headed hydra
 12262 | Lair:2   | Reached skill level 1 in Crossbows
 12561 | Lair:2   | Reached skill level 10 in Armour
 12585 | Lair:2   | Reached skill level 10 in Fighting
 12793 | Lair:2   | Killed Sonja
 13311 | Lair:3   | Found a staircase to the Swamp.
 13748 | Lair:4   | Reached skill level 5 in Crossbows
 13787 | Lair:4   | Found a staircase to the Snake Pit.
 13794 | Lair:4   | Received a gift from Trog
 13832 | Lair:4   | Found a frozen archway.
 13885 | IceCv    | Entered an ice cave
 14090 | IceCv    | Identified a scroll of acquirement
 14307 | Lair:4   | Reached skill level 14 in Polearms
 14307 | Lair:4   | Reached XP level 14. HP: 77/111 MP: 15/21
 15244 | Lair:5   | Found a staircase to the Slime Pits.
 15296 | Lair:5   | Reached skill level 10 in Evocations
 16230 | Lair:5   | Received a gift from Trog
 17205 | Lair:6   | Entered Level 6 of the Lair of Beasts
 17790 | Lair:6   | Reached XP level 15. HP: 115/118 MP: 23/23
 17864 | Lair:6   | Reached skill level 15 in Polearms
 18048 | Lair:6   | Received a gift from Trog
 18913 | Lair:6   | Received a gift from Trog
 19009 | Lair:6   | Found a runed door.
 19109 | Lair:6   | Paralysed by a hornet for 2 turns
 19211 | Lair:6   | Paralysed by a hornet for 3 turns
 19217 | Lair:6   | Received a gift from Trog
 19665 | Orc:1    | Entered Level 1 of the Orcish Mines
 19665 | Orc:1    | Noticed an orc warlord
 19685 | D:12     | Killed an orc warlord
 19685 | D:12     | Reached skill level 10 in Crossbows
 19799 | D:12     | Received a gift from Trog
 19847 | Orc:1    | Found Ocow's Antique Armour Emporium.
 19968 | Orc:2    | Entered Level 2 of the Orcish Mines
 20015 | Orc:1    | Found Waroax's Antique Armour Emporium.
 20301 | Orc:1    | Noticed DarthKuruptios2's ghost (journeyman MiBe)
 20302 | Orc:1    | Found Igienn's Assorted Antiques.
 20984 | Orc:2    | Reached XP level 16. HP: 127/127 MP: 25/25
 21016 | Orc:2    | Found a staircase to the Elven Halls.
 21354 | Orc:1    | Received a gift from Trog
 21362 | Orc:1    | Killed DarthKuruptios2's ghost
 21483 | Orc:1    | Found Womurgh's Gadget Emporium.
 21531 | Orc:1    | Noticed Jraekied's ghost (journeyman DsGl)
 21545 | Orc:1    | Killed Jraekied's ghost
 22567 | Orc:2    | Found Uqyab's Distillery.
 22951 | Orc:2    | Found Ythraeff's Antique Weapon Shop.
 22955 | Orc:2    | Bought a potion of mutation for 37 gold pieces
 22955 | Orc:2    | Bought a potion of cancellation for 120 gold pieces
 22958 | Orc:2    | Found Daudilep's Magic Scroll Shop.
 22960 | Orc:2    | Found Tipaofu's Antique Armour Shoppe.
 22966 | Orc:2    | Bought a scroll of acquirement for 676 gold pieces
 22966 | Orc:2    | Bought a scroll of blinking for 97 gold pieces
 23222 | D:13     | Reached skill level 16 in Polearms
 23690 | D:13     | Found a gate to the Vaults.
 23970 | D:13     | Found a stormy altar of Qazlal.
 24146 | D:14     | Received a gift from Trog
 24355 | D:14     | Reached ****** piety under Trog
 24646 | D:14     | Received a gift from Trog
 24873 | D:14     | Found a large runed door.
 24877 | D:14     | Found a large runed door.
 24877 | D:14     | Noticed a tengu reaver
 24878 | D:14     | Noticed a storm dragon
 24880 | D:14     | Noticed a frost giant
 24882 | D:14     | Found a large runed door.
 24883 | D:14     | Found a large runed door.
 24883 | D:14     | Found a large runed door.
 25084 | D:14     | Reached XP level 17. HP: 69/135 MP: 26/26
 25291 | D:14     | Found a large runed door.
 25387 | D:14     | Found a large runed door.
 25405 | D:14     | Found a large runed door.
 25605 | D:14     | Received a gift from Trog
 25627 | D:15     | Entered Level 15 of the Dungeon
 25910 | D:15     | Received a gift from Trog
 26317 | D:15     | Found a staircase to the Depths.
 26490 | D:15     | Received a gift from Trog
 26845 | D:14     | Killed a storm dragon
 26872 | D:14     | Got an encrusted eveningstar
 26879 | D:14     | Identified the +1 eveningstar of Fouheot {elec, rElec Dex+2 Stlth+} (You found it on level 14 of the Dungeon)
 26881 | D:14     | Upgraded the game from 0.20-a0-222-gb69ddcd to 0.20-a0-229-ge6e0e65
 27677 | Snake:1  | Entered Level 1 of the Snake Pit
 27738 | Snake:2  | Reached skill level 17 in Polearms
 27843 | Snake:2  | Noticed Aizul
 27856 | Snake:2  | Killed Aizul
 28145 | Snake:2  | Found Daublyv's Weapon Shoppe.
 28145 | Snake:2  | Found Tededgh's Antique Weapon Emporium.
 28146 | Snake:2  | Found Pimm's Food Emporium.
 28183 | Snake:2  | Found Dyeror's Weapon Shoppe.
 28950 | Snake:2  | Noticed Saint Roka
 28983 | Snake:2  | Killed Saint Roka
 29651 | Snake:3  | Received a gift from Trog
 30408 | Snake:3  | Received a gift from Trog
 30411 | Snake:3  | Reached XP level 18. HP: 106/142 MP: 20/28
 30533 | Snake:3  | Noticed Vashnia
 30790 | Snake:3  | Killed Vashnia
 31690 | Snake:3  | Noticed Jorgrun
 31890 | Snake:3  | Killed Jorgrun
 32527 | Snake:4  | Entered Level 4 of the Snake Pit
 33186 | Snake:4  | HP: 3/143 [nagaraja/poison arrow (13)]
 33187 | Snake:4  | Mangled by a nagaraja

Vault maps used:
D:1:      dpeg_arrival_ratfight, serial_curves, eino_curves_04, eino_curves_02,
          st_stairs_10, grunt_decor_arrowhead, kennysheep_minor_cross
D:2:      old_standard_altar, kennysheep_slug_shrine, first_bread
D:3:      zin_purify, nicolae_gozag_zags_fifth_avenue
D:4:      serial_shops, shop
D:5:      portal_sewer_entry_b
D:6:      uniq_edmund
D:7:      grunt_livestock, makhleb_blood_cavern_becter, uniq_menkaure
D:8:      gammafunk_temple_overflow_elements, serial_ice, serial_ice_m,
          serial_ice_i, serial_ice_o, serial_ice_e, okawaru_metal_pillars_1_2
D:9:      lair_entry_dummy, grunt_ministairs_10, minivault_14,
          kennysheep_doodads, fountainhead
D:10:     serial_shops, kennysheep_mini
D:11:     uniq_urug
D:12:     david_orc_1_choice, basic_altar, special_room, uniq_fannar
D:13:     erik_vaults_2, nicolae_qazlal_eye_of_the_storm
D:14:     minmay_five_octagons, nicolae_wwwww
D:15:     hangedman_depths_entry_civil_slaughter, dk_noncrumbling_2,
          water_maze_lemuel
Lair:2:   lab_entry_generic, serial_bayou_pond_d, kennysheep_abandoned_house,
          uniq_sonja
Lair:3:   nicolae_swamp_entry_splash_gauntlet, grunt_megastairs_4
Lair:4:   dummy_snake_entry, portal_ice_cave_entry_ice_beasts,
          serial_bayou_shore_b
Lair:5:   hangedman_what_comes_after_a, minmay_slime_entry_oklob_open,
          grunt_forest_stairs_clearing
Lair:6:   hangedman_lair_caniforms_friends, wormcave, serial_bayou_pond_c,
          grunt_megastairs_5
Snake:1:  hangedman_cross_stitches, serial_bayou_lagoon_a,
          nicolae_coiled_stairwell_down, uniq_louise, uniq_roxanne
Snake:2:  minmay_shoptagon, serial_bayou_shore_b, uniq_aizul, uniq_saint_roka
Snake:3:  cheibrodos_snake_lava_hold, minmay_snake_pond, grunt_megastairs_2,
          basic_stair_grate_trap, serial_bayou_shore_a, serial_bayou_shore_b,
          uniq_jorgrun, uniq_vashnia
Snake:4:  snake_hunt, grunt_ministairs_12, spider_trap,
          hangedman_snake_thin_pillar_pass, nrook_loot_triangle, st_stairs_10,
          nrook_guardian_serpent_ordinary
Orc:1:    serial_shops, nicolae_shop_waterfront, nicolae_shop_trees,
          nicolae_shop_trees, nicolae_shop_competitors_out_of_business
Orc:2:    st_orc_elflike
Lab:      labyrinth_spiral, lab_hedge, lab_fountain, nicolae_lab_hexagon,
          nicolae_lab_starburst, nicolae_lab_blocks
Sewer:    kennysheep_door_sewer
IceCv:    ice_cave_statue_garden_teleport

Skill      XL: |  1  2  3  4  5  6  7  8  9 10 11 12 13 14 15 16 17 18 |
---------------+-------------------------------------------------------+-----
Polearms       | 4 5 6 7 8 10 11 13 14 15 16 17 | 17.9
Evocations     | 1 2 3 4 5 6 8 9 10 12 13 14 | 14.6
Armour         | 3 4 5 6 7 8 9 10 11 12 13 | 13.2
Fighting       | 4 5 6 7 8 9 10 11 12 13 | 13.2
Crossbows      | 6 8 10 11 12 13 | 13.6
Dodging        | |  2.8

Action                   |  1- 3 |  4- 6 |  7- 9 | 10-12 | 13-15 | 16-18 || total
-------------------------+-------+-------+-------+-------+-------+-------++-------
Melee: Spear             |    81 |   273 |       |       |       |       ||   354
       Halberd           |       |       |   364 |   747 |   609 |       ||  1720
       Quarterstaff      |       |       |       |    35 |    19 |       ||    54
       Glaive            |       |       |       |       |   183 |       ||   183
       Bardiche          |       |       |       |       |   423 |   934 ||  1357
 Fire: Arbalest          |       |       |       |       |   130 |   235 ||   365
Invok: Berserk           |     1 |     3 |     6 |    16 |     7 |     3 ||    36
       Trog's Hand       |       |       |     1 |     2 |       |     2 ||     5
       Burn Spellbooks   |       |       |       |     1 |     2 |     1 ||     4
       Brothers in Arms  |       |       |       |     5 |     2 |     3 ||    10
Evoke: Wand              |       |       |     9 |    30 |     7 |     7 ||    53
  Use: Scroll            |     2 |     6 |     9 |    13 |    10 |    12 ||    52
       Potion            |       |     1 |     2 |     6 |     1 |     5 ||    15
 Stab: Sleeping          |     2 |     2 |       |       |       |       ||     4
       Paralysed         |       |       |     3 |     2 |       |       ||     5
       Distracted        |       |       |       |     1 |       |     1 ||     2
       Petrified         |       |       |       |       |     5 |     6 ||    11
  Eat: Chunk             |     1 |     8 |    26 |    31 |    32 |    16 ||   114
       Royal jelly       |       |       |       |     3 |     1 |    10 ||    14
       Pizza             |       |       |       |     3 |     7 |       ||    10
       Meat ration       |       |       |       |     1 |       |       ||     1
       Fruit             |       |       |       |     1 |       |       ||     1
Armor: Animal skin       |    17 |    39 |       |       |       |       ||    56
       Scale mail        |       |    12 |   127 |       |       |       ||   139
       Chain mail        |       |       |    76 |   282 |       |       ||   358
       Plate armour      |       |       |       |   197 |   134 |       ||   331
       Storm dragon scal |       |       |       |       |  1075 |   898 ||  1973
Dodge: Dodged            |    46 |   135 |   235 |   366 |   780 |   480 ||  2042
